 Dungeon Crawl Stone Soup version 0.19-a0-700-gd2fa977 (webtiles) character file.

31 Ordine the Insei (level 3, 0/23 HPs)
             Began as an Octopode Transmuter on June 19, 2016.
             Killed from afar by Sigmund (8 damage)
             ... with a magic dart
             ... on level 2 of the Dungeon.
             The game lasted 00:02:49 (1109 turns).

Ordine the Insei (Octopode Transmuter)              Turns: 1109, Time: 00:02:50

Health: 0/23       AC:  2    Str:  9    XL:     3   Next: 22%
Magic:  4/6        EV: 19    Int: 16    God:
Gold:   59         SH:  0    Dex: 17    Spells: 1 memorised, 3 levels left

rFire  . . .     SeeInvis .       - Unarmed
rCold  . . .     Gourm    .     (shield currently unavailable)
rNeg   . . .     Faith    .     (helmet currently unavailable)
rPois  x         Spirit   .     (no amulet)
rElec  .         Dismiss  .     (no ring)
rCorr  .         Reflect  .     (no ring)
SustAt .         Harm     .     (no ring)
MR     .....                    (no ring)
Stlth  +++.......               (no ring)
                                (no ring)
                                (no ring)
                                (no ring)

@: spider-form (expiring), not resistant to hostile enchantments, fairly
stealthy
A: almost no armour, (amphibious), 8 rings, (constrict 8), (camouflage 0),
(gelatinous body 0)
a: End Transformation


You were on level 2 of the Dungeon.
You were not hungry.
You were a venomous arachnid creature.
You visited 1 branch of the dungeon, and saw 2 of its levels.

You collected 59 gold pieces.

Inventory:

Missiles
 a - 17 arrows
Jewellery
 d - a +3 ring of strength {unknown}
Scrolls
 i - a scroll of enchant armour
Potions
 e - 2 potions of flight
 g - 2 potions of haste
Books
 b - a book of Changes

   Spells                             Type                      Level
   a - Beastly Appendage              Transmutation                1
   b - Sticks to Snakes               Transmutation                2
   c - Spider Form                    Transmutation/Poison         3
   d - Ice Form                       Ice/Transmutation            4
   e - Blade Hands                    Transmutation                5
Comestibles
 c - 2 bread rations
 f - a beef jerky
 j - a chunk of flesh


   Skills:
 - Level 1.0 Fighting
 - Level 2.0 Dodging
 + Level 2.6 Stealth
 - Level 3.0 Unarmed Combat
 - Level 2.0 Spellcasting
 * Level 2.9 Transmutations


You had 3 spell levels left.
You knew the following spells:

 Your Spells              Type           Power        Failure   Level  Hunger
a - Spider Form           Tmut/Pois      #.........   61%         3    ###....


Dungeon Overview and Level Annotations

Branches:
Dungeon (2/15)

Altars:

Annotations:
D:2 Sigmund


Innate Abilities, Weirdness & Mutations

You cannot wear most types of armour.
((You are amphibious.))
You can wear up to eight rings at the same time.
((You can use your tentacles to constrict eight enemies at once.))
((Your skin changes colour to match your surroundings (Stealth+).))
((Your rubbery body absorbs attacks. (AC +1)))


Message History

Sigmund is moderately wounded.
Your transformation is almost over.
Sigmund drinks a potion.
Sigmund is healed!
Sigmund looks more healthy.
You hit Sigmund.
Sigmund is poisoned.
Sigmund is moderately wounded.
Sigmund hits you with a scythe.
You hit Sigmund.
Sigmund looks even sicker.
Sigmund is moderately wounded.
You barely miss Sigmund.
Sigmund is moderately wounded.
Sigmund hits you with a scythe.
You closely miss Sigmund.
Sigmund is moderately wounded.
It was a potion of cure mutation.
It has a very clean taste.
Sigmund barely misses you.
You completely miss Sigmund.
Sigmund is heavily wounded.
Sigmund points at you and mumbles some strange words.
The magic dart hits you!
You die...

.. #..............
..####............
.................
.##..........###+#
.............# #..
........###'## #.#
........# #.# #.#
......#####.####.#
...#####........s#
...
#.##.#####@......
.#. # #.# .#.####
### .# .. .# #.#
.# # .. ##


You could see Sigmund.

Vanquished Creatures
  A dart slug (D:1)
  A giant gecko (D:1)
  A giant cockroach (D:1)
  5 goblins
  A hobgoblin (D:1)
  4 jackals (D:1)
  3 kobolds
  4 bats (D:1)
  4 rats
  A plant (D:1)
25 creatures vanquished.

Notes
Turn   | Place    | Note
--------------------------------------------------------------
     0 | D:1      | Ordine the Octopode Transmuter began the quest for the Orb.
     0 | D:1      | Reached XP level 1. HP: 13/13 MP: 3/3
    97 | D:1      | Reached XP level 2. HP: 8/18 MP: 5/5
   117 | D:1      | Reached skill level 1 in Stealth
   854 | D:1      | Reached XP level 3. HP: 22/23 MP: 6/6
   866 | D:1      | Learned a level 3 spell: Spider Form
  1095 | D:2      | Noticed Sigmund
  1109 | D:2      | Killed from afar by Sigmund

Vault maps used:
D:1:      onia_arrival_mini_maze
D:2:      first_bread, minmay_distorted, uniq_sigmund, uniq_crazy_yiuf_cottage

Skill      XL: |  1  2 |
---------------+-------+-----
Stealth        | 2 |  2.6
Fighting       | |  1.0
Dodging        | |  2.0
Unarmed Combat | |  3.0
Spellcasting   | |  2.0
Transmutations | |  2.9

Action                   || total
-------------------------++-------
Melee: Unarmed           ||    92
       Constrict         ||    17
       Tentacles         ||    15
       Punch             ||     2
 Cast: Spider Form       ||     1
  Use: Scroll            ||     6
       Potion            ||     2
 Stab: Sleeping          ||     4
  Eat: Chunk             ||     1
Armor: Skin              ||     8
Dodge: Dodged            ||    35
